[Event "Israeli Championship 2022"]
[Site "Yosiah Arad"]
[Date "2022.12.07"]
[Round "3.3"]
[White "Sokolovsky, Yahli"]
[Black "Boruchovsky, Avital"]
[Result "0-1"]
[ECO "C07"]
[WhiteElo "2414"]
[BlackElo "2552"]
[Annotator "TA"]
[PlyCount "96"]
[EventDate "2022.12.05"]
[EventType "swiss"]
[EventCountry "ISR"]
[SourceTitle "playchess.com"]
[Source "ChessBase"]
[SourceQuality "1"]
[TimeControl "40/5400+30:1800+30"]

1. e4 e6 2. d4 d5 3. Nd2 c5 4. Ngf3 cxd4 5. Nxd4 Nf6 6. exd5 Nxd5 {[%emt 0:00:17] is now debated instead of 6...Qxd5.} 7. c3 {[%emt 0:13:51] C07: French Tarrasch: 3...c5, 4 Ngf3 and 4 exd5 Qxd5.} Bc5 $5 {[%emt 0:00:25][%mdl 4] A promising side line.} 8. Ne4 Bxd4 9. Qxd4 {[%emt 0:01:29] The position is equal.} O-O 10. Be2 {[%emt 0:11:08] [#]} f5 $146 {[%emt 0:01:20] White must now prevent ...Nc6.} ({Predecessor:} 10... Nc6 11. Qc5 f5 12. Nd6 Qe7 13. Be3 f4 14. Bd2 Rd8 15. Ne4 Qe8 16. f3 b6 {½-½ (51) Nisipeanu,L (2667)-Bluebaum,M (2618) Magdeburg 2019}) 11. Ng5 Nc6 12. Qh4 ({White should try} 12. Qc5 $11) 12... h6 $15 13. Nf3 Qxh4 14. Nxh4 e5 {[%emt 0:00:05][%cal Be6e5,Be5e4][%mdl 32] Inhibits f4.} 15. f4 {[%emt 0:12:58] Against g5} e4 16. g3 Be6 17. Kf2 a5 18. a4 Nce7 19. Ng2 Rfd8 20. Ne3 Nb6 21. Bb5 Rac8 22. Rd1 Bd7 23. Rd6 ({Better is} 23. Be2 $11) 23... Bxb5 24. Rxb6 (24. Rxd8+ {simplifies} Rxd8 25. axb5 a4 26. Ke2) 24... Bc6 25. Ke2 Rc7 26. Bd2 Rd3 27. Rb3 {[%emt 0:00:01] White does not recover from this.} (27. Nc4 $15) 27... Rcd7 $19 28. Be1 g5 29. Rba3 {[%emt 0:01:49] [#]} (29. fxg5 $142 hxg5 30. Rba3) 29... gxf4 $1 30. gxf4 Nd5 {[%emt 0:00:00] Against c4} 31. Nxd5 (31. Ng2 {was worth a try.}) 31... Bxd5 ({And not} 31... R7xd5 32. c4 R5d4 33. Bxa5 $11) 32. Rd1 $2 (32. c4 Bxc4 33. Kf2) 32... Bc4 {[%emt 0:00:00] ( -> ...Rd2+)} 33. Rxd3 Rxd3 {[%emt 0:00:00][%mdl 4096] Endgame KRB-KRB} 34. b3 Rxc3+ 35. Kd2 Rxb3 36. Rxb3 Bxb3 {[%emt 0:00:00] KB-KB} 37. Ke3 $2 (37. Bh4) 37... b6 ({Worse is} 37... Bxa4 38. Bxa5 Kf7 39. Bc7 $17) 38. Bh4 Bxa4 39. Bd8 Bb5 40. Bxb6 {[%emt 0:00:04] [#]} a4 $1 41. Bc5 Kf7 42. Kf2 Ke6 {[%emt 0:00:00] Black mates.} 43. Bf8 h5 44. Ke3 Kd5 45. Kd2 Kc4 46. Be7 Kb3 47. Bd6 a3 48. Be7 Kb2 {[%emt 0:00:00] Weighted Error Value: White=0.52/Black=0.13 (very precise)} 0-1

[Event "Israeli Championship 2022"]
[Site "Yosiah Arad"]
[Date "2022.12.07"]
[Round "3.4"]
[White "Yaniv, Yuval"]
[Black "Bronstein, Or"]
[Result "1/2-1/2"]
[ECO "B50"]
[WhiteElo "2343"]
[BlackElo "2442"]
[Annotator "TA"]
[PlyCount "83"]
[EventDate "2022.12.05"]
[EventType "swiss"]
[EventCountry "ISR"]
[SourceTitle "playchess.com"]
[Source "ChessBase"]
[SourceQuality "1"]
[TimeControl "40/5400+30:1800+30"]

1. e4 c5 2. Nf3 d6 3. Nc3 a6 4. d4 cxd4 5. Qxd4 Nc6 6. Qd3 {[%emt 0:00:25] B50: Sicilian: 2...d6, Miscellaneous.} g6 7. Be3 {[%emt 0:00:26] [#] Strongly threatening Nd5.} Qa5 8. Be2 {[%emt 0:01:27] White is slightly better.} Bg7 9. O-O {[%emt 0:00:33] [#]} Bxc3 $146 ({Predecessor:} 9... Nf6 10. Nd4 O-O 11. f4 Bd7 12. a3 Rac8 13. Rad1 Nxd4 14. Bxd4 Bc6 15. Bf3 Rfd8 {0-1 (24) Bordelet,L (1782)-Inkiov,V (2465) Fouesnant 2009}) 10. bxc3 (10. Qxc3 {simplifies} Qxc3 11. bxc3 Nf6 12. Nd2) 10... Nf6 11. Bh6 Ng4 12. Bg7 Rg8 13. Bd4 e5 14. Be3 Nxe3 15. fxe3 (15. Qxe3 $14 Qc7 16. Rab1) 15... Qc5 16. Rad1 (16. Rf2 $5 ) 16... Ke7 17. Kh1 h6 18. Nd2 Rd8 19. Nb3 Qa3 20. Qd2 Be6 21. Bd3 Rac8 (21... Qxa2 $2 22. Ra1 Bxb3 23. Rxa2 Bxa2 24. c4 $18 (24. Qf2 Be6 $11)) 22. Rb1 Rc7 (22... Qxa2 $2 23. Ra1 (23. Qf2 Kf8 $11) 23... Bxb3 24. Rxa2 Bxa2 25. c4 $18 (25. Qf2 Be6 $14)) 23. c4 Kd7 (23... Qxa2 $2 24. Ra1 $18 (24. Qf2 Nb4 $15) (24. Qf2 Nb4 $11)) 24. c5 (24. Qc3 $15) 24... Ke8 (24... Qxa2 $2 25. Ra1 Bxb3 26. Rxa2 Bxa2 27. c4 $18) (24... dxc5 $19 {White must now prevent ...Kc8.} 25. Bc4+ Ke8) 25. Qe2 (25. Qc3 $17) 25... dxc5 $19 (25... Qxa2 26. Ra1 Bxb3 27. Rxa2 Bxa2 28. cxd6 Rxd6 29. Qe1 $11) 26. Bc4 Bxc4 (26... Qxa2 $2 27. Bxe6 fxe6 28. Qc4 $18) 27. Qxc4 Qb4 (27... Qxa2 $2 28. Ra1 Qb2 29. Rfb1 $18) 28. Qe2 Qc3 (28... Qxe4 29. Nxc5 Nd4 30. Qf2 (30. Nxe4 Nxe2 31. c4 Ke7 $17) 30... Qxc2 31. exd4 Qxf2 32. Rxf2 $11) 29. Qf2 (29. h3 $17 {was worth a try.}) 29... Rd6 30. Rbd1 (30. a3 $142) 30... Rxd1 31. Rxd1 c4 32. Nc1 Qa3 (32... Rd7 $19 33. Rxd7 Kxd7 34. Qxf7+ Kd6) 33. Ne2 $17 Qb2 $2 ({Don't play} 33... Qxa2 34. Nc3 Rd7 35. Rxd7 Qa1+ 36. Rd1 Qxc3 37. Rb1 $14) (33... Nb8 $17 {Threatens to win with ...Re7.} 34. Rf1 (34. Qf6 Nd7 $17) 34... Nc6) 34. Ng3 $2 (34. Qf6 $11 {and White has nothing to worry.}) 34... Rd7 $2 (34... Qxa2 $19 {...c3 is the strong threat.} 35. Qf6 Rd7) 35. Rxd7 $15 {[%emt 0:00:28][%csl Gd7][%cal Rf2f7] [#]} Qc1+ 36. Nf1 Kxd7 37. Qxf7+ $11 {[%emt 0:00:09] KQN-KQN} Kc8 (37... Kd6 $5 38. Qxc4 Qd1 $14) 38. Qxc4 Kb8 39. Kg1 a5 40. h4 Ka7 41. a4 Qe1 42. Qc5+ {[%emt 0:02:56] White happily takes the draw.   Weighted Error Value: White=0.34/Black=0.27 (precise)} 1/2-1/2

[Event "Israeli Championship 2022"]
[Site "Yosiah Arad"]
[Date "2022.12.07"]
[Round "3.5"]
[White "Nabaty, Tamir"]
[Black "Zemach, Nadav"]
[Result "1-0"]
[ECO "C68"]
[WhiteElo "2629"]
[BlackElo "2402"]
[Annotator "TA"]
[PlyCount "87"]
[EventDate "2022.12.05"]
[EventType "swiss"]
[EventCountry "ISR"]
[SourceTitle "playchess.com"]
[Source "ChessBase"]
[SourceQuality "1"]
[TimeControl "40/5400+30:1800+30"]

1. e4 e5 2. Nf3 Nc6 3. Bb5 a6 4. Bxc6 dxc6 5. O-O Bg4 6. h3 h5 7. d3 Qf6 8. Nbd2 Ne7 9. Re1 Ng6 10. d4 Nf4 {[%emt 0:00:28][%cal Oe5d4] Threatens to win with ...exd4!} 11. dxe5 {[%emt 0:15:51] C68: Ruy Lopez: Exchange Variation, sidelines.} Qg6 {[%emt 0:00:10][%cal Oh5h4] [#] Hoping for ...h4!} (11... Qe6 {seems wilder.} 12. Nb3 Rd8 13. Bd2 Bxh3 14. Ng5 Qg6) 12. Nh4 $1 Bxd1 13. Nxg6 {[%emt 0:00:03] The position is equal.} Nxg6 14. Rxd1 O-O-O 15. Re1 {[%emt 0:12:03] [#]} Bb4 $146 {[%emt 0:05:01][%mdl 1024] Black has compensation.} (15... Nxe5 $5 16. a3 Bd6 $11) ({Predecessor:} 15... Nxe5 16. a3 Bc5 17. Nf1 Bd4 18. Ne3 g6 19. Kf1 Rhe8 20. Rb1 b5 21. Rd1 Bxe3 22. Rxd8+ Rxd8 23. Bxe3 Nc4 24. Ke2 Re8 25. Kd3 Rd8+ 26. Ke2 {½-½ (26) Onischuk,A (2664)-Becerra Rivero,J (2575) Tulsa 2008}) 16. c3 Bc5 17. Nf3 Rde8 {[%emt 0:01:50] Inhibits e6.} 18. b4 Bf8 19. Be3 Nxe5 20. Nxe5 Rxe5 21. Bd4 Re8 22. f4 f6 23. Kf2 Bd6 24. Kf3 Re6 25. Re2 Rhe8 26. Rae1 b6 27. e5 fxe5 28. Bxe5 g6 29. Bxd6 Rxe2 30. Rxe2 Rxe2 31. Kxe2 cxd6 $11 {[%emt 0:00:07][%mdl 4096] Endgame KP-KP} 32. Kf3 Kd7 33. g4 {[%emt 0:00:56] Black must now prevent f5.} h4 $1 34. Ke4 {[%emt 0:16:55] f5 is the strong threat.} Ke6 35. c4 {[%emt 0:00:01] And now a4 would win.} b5 36. Kd4 Kf6 37. Kc3 (37. c5 $5 d5 $8 38. Kc3 $11) 37... Ke6 38. a3 c5 $2 (38... d5 $11 39. cxd5+ Kxd5) 39. a4 (39. Kd3 $142 Kf6 40. a4 bxc4+ 41. Kxc4 cxb4 42. Kxb4) 39... bxa4 {[%emt 0:02:12] [#]} 40. bxc5 d5 41. f5+ gxf5 42. gxf5+ Ke5 43. cxd5 Kxd5 44. f6 {[%emt 0:02:46] Weighted Error Value: White=0.20 (precise) /Black=0.06 (flawless)} 1-0

[Event "Israeli Championship 2022"]
[Site "Yosiah Arad"]
[Date "2022.12.07"]
[Round "3.6"]
[White "Iliaguev, Nisim"]
[Black "Postny, Evgeny"]
[Result "0-1"]
[ECO "D02"]
[WhiteElo "2364"]
[BlackElo "2588"]
[Annotator "TA"]
[PlyCount "96"]
[EventDate "2022.12.05"]
[EventType "swiss"]
[EventCountry "ISR"]
[SourceTitle "playchess.com"]
[Source "ChessBase"]
[SourceQuality "1"]
[TimeControl "40/5400+30:1800+30"]

1. d4 d5 2. Nf3 Nf6 3. Bf4 c5 4. e3 Nc6 5. c3 Bg4 6. Nbd2 e6 7. Qb3 {[%emt 0:05:21] D02: 1 d4 d5 2 Nf3 sidelines, including 2...Nf6 3 g3 and 2...Nf6 3 Bf4.} Qc8 8. Bb5 Nd7 9. O-O {[%emt 0:02:11] The position is equal.} c4 {[%emt 0:11:30] [#]} 10. Qa4 $146 ({Predecessor:} 10. Qd1 a6 11. Ba4 b5 12. Bc2 Be7 13. h3 Bh5 14. e4 dxe4 15. Nxe4 O-O 16. Ng3 Bg6 17. Bxg6 hxg6 18. Ne4 Nf6 {0-1 (18) Hancock,S (1614)-Ward,D (1739) FICGS email 2012}) 10... Be7 11. Bxc6 bxc6 12. b3 Bxf3 (12... Nb6 $5 13. Qa5 $8 O-O $11) 13. Nxf3 Nb6 14. Qa5 O-O 15. Nd2 c5 16. Rfc1 Qc6 17. h3 Rfc8 18. Rab1 (18. Qa6 $5 ) 18... h6 19. Rc2 Qd7 20. Qa6 cxb3 21. axb3 Rc6 22. Qa2 (22. Nf3 $142) 22... Rac8 23. Rbc1 Qb7 24. c4 Bf8 25. Nf3 dxc4 26. bxc4 Nd7 27. Ra1 Ra8 28. Nd2 Rb6 29. Qa5 Be7 30. Rca2 (30. Rcc1 $11 {remains equal.}) 30... cxd4 $17 31. exd4 Bb4 {[%emt 0:00:05] Against c5} 32. Qa4 Bc3 $1 {[%emt 0:00:10][%csl LRa1,LRd4] Prevents c5.} 33. c5 {[%emt 0:01:16] Against e5} ({White should try} 33. Rd1) 33... Bxa1 (33... Rb4 $142 34. Qc2 (34. c6 Qb6 $17) 34... Bxa1) 34. cxb6 Nxb6 35. Qb4 a5 $1 36. Rxa5 Rxa5 37. Qxa5 Bxd4 38. Nf3 Nd5 $36 {[%emt 0:01:20][%mdl 2048] Black is really pushing.} 39. Qd8+ Kh7 40. Bg3 Bf6 41. Qe8 Nc3 42. Kh2 Ne4 43. Qa4 Qd5 {[%emt 0:00:00] Black is more active.} 44. Qa7 (44. Qc2 $17) 44... e5 $19 45. Qe3 g6 46. h4 (46. Qe2 $17 {was worth a try.}) 46... Kg7 47. Kh1 {[%emt 0:00:00] [#]} (47. Ng1 $142) 47... Nxg3+ $1 48. fxg3 e4 {[%emt 0:00:00] Weighted Error Value: White=0.20 (precise) /Black=0.07 (flawless)} 0-1

[Event "Israeli Championship 2022"]
[Site "Yosiah Arad"]
[Date "2022.12.07"]
[Round "3.7"]
[White "Kobo, Ori"]
[Black "Levin, Guy"]
[Result "1/2-1/2"]
[ECO "A13"]
[WhiteElo "2554"]
[BlackElo "2382"]
[Annotator "TA"]
[PlyCount "107"]
[EventDate "2022.12.05"]
[EventType "swiss"]
[EventCountry "ISR"]
[SourceTitle "playchess.com"]
[Source "ChessBase"]
[SourceQuality "1"]
[TimeControl "40/5400+30:1800+30"]

1. Nf3 Nf6 2. g3 d5 3. Bg2 e6 4. c4 Nbd7 5. O-O dxc4 6. Qc2 a6 {[%emt 0:00:34] A13: English Opening: 1...e6.} 7. a4 Rb8 8. Qxc4 b5 {[%emt 0:00:32] White has an edge.} 9. axb5 axb5 10. Qc2 Bb7 11. d3 {[%emt 0:05:05] [#]} Bd6 $146 ({Predecessor:} 11... c5 12. Bf4 Ra8 13. Nc3 Qb6 14. Rxa8+ Bxa8 15. Ra1 Bc6 16. Ne5 Nxe5 17. Bxe5 Nd7 {½-½ (41) Chigaev,M (2637)-Pridorozhni,A (2529) Sochi 2022}) 12. e4 (12. Nc3 $5 ) 12... c5 13. Nc3 Qb6 14. Bg5 O-O 15. Bxf6 Nxf6 16. e5 Bxf3 17. exf6 Bxg2 {[%emt 0:00:35] This pair of bishops is nice.} 18. fxg7 $1 Rfd8 19. Kxg2 Qc6+ {[%emt 0:00:20] The position is equal.} 20. Kg1 Be5 21. Ne4 c4 {[%emt 0:06:28] Inhibits d4.} 22. Rac1 Qd5 ({But not} 22... Kxg7 23. Qe2 $16) (22... Rd4 {looks sharper.} 23. Rfe1 Rc8 24. Qe2 Rxd3 25. Qh5 Bxg7 26. Ng5 Qd7) 23. dxc4 Qxc4 24. Qxc4 {[%emt 0:02:09] Chess con chili.} bxc4 25. Rxc4 Rxb2 26. Ng5 h6 27. Nf3 Bxg7 28. Rfc1 Rdb8 29. Kg2 Rb1 30. Rxb1 Rxb1 $11 {[%emt 0:00:01][%mdl 4096] Endgame KRB-KRN} 31. h4 Rb5 32. Ng1 h5 33. Nh3 Bh6 34. Rc2 Rd5 35. Ng1 Kg7 36. Nf3 Kf6 37. Rc4 Kg6 38. Nd4 Bg7 39. Ne2 {[%emt 0:01:04] [#] Black must now prevent Nf4+.} Be5 40. Rc2 Rb5 41. Ng1 Rb2 42. Rc4 Bg7 43. Nf3 Bf6 44. Ne1 Rd2 45. Nf3 Rb2 46. Re4 Kf5 47. Ra4 Kg6 48. Ra3 Kg7 49. Rd3 Kg6 50. Nd2 Rb4 51. Nb3 Rc4 52. Rd7 Kg7 53. Nd2 Rd4 54. Rxd4 {[%emt 0:00:00] Weighted Error Value: White=0.04 (flawless) /Black=0.04 (flawless)} 1/2-1/2

[Event "Israeli Championship 2022"]
[Site "Yosiah Arad"]
[Date "2022.12.07"]
[Round "3.8"]
[White "Mikhalevski, Victor"]
[Black "Shachar, Ehud"]
[Result "1/2-1/2"]
[ECO "A96"]
[WhiteElo "2517"]
[BlackElo "2319"]
[Annotator "TA"]
[PlyCount "50"]
[EventDate "2022.12.05"]
[EventType "swiss"]
[EventCountry "ISR"]
[SourceTitle "playchess.com"]
[Source "ChessBase"]
[SourceQuality "1"]
[TimeControl "40/5400+30:1800+30"]

1. Nf3 e6 2. g3 f5 3. Bg2 Nf6 4. O-O Be7 5. b3 O-O 6. Bb2 d6 7. d4 a5 {[%emt 0:02:48] Recently 7...Ne4 got a lot of attention.} 8. c4 Ne4 {[%emt 0:04:54] A96: Classical Dutch: Fluid Systems: Early deviations.} 9. Nbd2 Nxd2 10. Qxd2 Qe8 {[%emt 0:16:13] [#] White is slightly better.} 11. Ne1 $146 ({Predecessor:} 11. a4 c6 12. Bc3 Bd8 13. Qc2 Nd7 14. e4 f4 15. e5 dxe5 16. Nxe5 Nxe5 17. dxe5 {0-1 (36) Bradbury,N (2345)-Wiley,T (2215) Edinburgh 1985}) 11... Bf6 12. Nd3 Nd7 (12... Nc6 $14 {should be considered.}) 13. f4 Nb6 14. Rac1 Qe7 15. a4 c6 16. Bc3 Nd7 17. e3 ({Don't play} 17. Bxa5 $6 Bxd4+ 18. Kh1 e5 $11) 17... Qd8 18. e4 {[%emt 0:10:08] Against d5. White is more active.} fxe4 19. Bxe4 Qb6 20. Qb2 ({White should play} 20. Nf2) 20... d5 21. c5 $2 {[%emt 0:01:18] [#]} (21. Bf3 $16 {and life is bright.}) 21... Qa6 $17 22. b4 $2 {[%emt 0:03:15] This costs White the game.} (22. Bxh7+ $17 {might work better.} Kxh7 23. Qc2) 22... dxe4 $19 {[%emt 0:02:19] Black has a decisive advantage.} 23. b5 cxb5 24. axb5 Qa7 25. Nf2 e3 {[%emt 0:04:47][%mdl 32768] Weighted Error Value: White=0.43/Black=0.12 (very precise) . An unexpected result.} 1/2-1/2

[Event "Israeli Championship 2022"]
[Site "Yosiah Arad"]
[Date "2022.12.07"]
[Round "3.9"]
[White "Aizenberg, Benny"]
[Black "Zanan, Evgeny"]
[Result "0-1"]
[ECO "C77"]
[WhiteElo "2375"]
[BlackElo "2485"]
[Annotator "TA"]
[PlyCount "74"]
[EventDate "2022.12.05"]
[EventType "swiss"]
[EventCountry "ISR"]
[SourceTitle "playchess.com"]
[Source "ChessBase"]
[SourceQuality "1"]
[TimeControl "40/5400+30:1800+30"]

1. e4 e5 2. Nf3 Nc6 3. Bb5 a6 4. Ba4 Nf6 5. Nc3 b5 6. Bb3 Be7 7. d3 d6 8. a3 O-O 9. O-O {[%emt 0:01:59] 9.0-0 is better than 9.Nd5.} h6 {[%emt 0:03:38] C77: Ruy Lopez: 3...a6 4 Ba4 Nf6, unusual lines.} 10. h3 Be6 11. Bxe6 fxe6 {[%emt 0:00:06] The position is equal.} 12. Bd2 Qe8 {[%emt 0:01:41] [#]} 13. Kh2 $146 ({Predecessor:} 13. Ne2 Qg6 14. Ng3 Nh7 15. c3 Rf7 16. d4 exd4 17. cxd4 Raf8 18. Rc1 Rxf3 19. Rxc6 {½-½ (62) Petrova,I (2127)-Dilanyan,G (2247) Chess.com INT 2022}) 13... Nh5 14. Ng1 g5 15. a4 b4 16. Nce2 Qg6 17. Rc1 Rab8 18. c3 b3 19. c4 {[%emt 0:00:00] Against d5} Nf6 20. Rc3 Na5 21. Nc1 c5 22. Nxb3 Nc6 23. Bc1 (23. f3 $15) 23... g4 $17 24. Na1 Rf7 {[%emt 0:01:35] And now ...gxh3 would win. Black is much more active.} 25. g3 $2 {[%emt 0:00:00][%mdl 8192] Loses the game.} (25. Nc2 $17 {is a better chance.}) 25... gxh3 26. Nxh3 Nd4 27. Nc2 Ng4+ 28. Kg2 Nf3 {[%emt 0:00:22][%cal Oe7h4][%mdl 1024] ...Bh4! is the strong threat. Black has strong compensation.} 29. Ne3 {[%emt 0:00:00] [#]} h5 30. Rc2 (30. Nf5 $142 exf5 31. Qxf3) 30... Rbf8 (30... Nd4 $142 {Threatens to win with ...Rbf8.} 31. Kh1 Nxc2 32. Qxc2 Nxe3 33. Bxe3 Qg4) 31. Rh1 $2 (31. Nf5) 31... Nd4 $19 {[%emt 0:01:56] White must now prevent ...Rf3. Black is clearly winning.} 32. Rd2 Nxe3+ 33. fxe3 {[%emt 0:00:00] [#]} Rg7 $1 34. Rh2 (34. Rg1 Qxg3+) 34... Nf3 35. Kh1 Nxh2 36. Rxh2 Qxg3 37. Bd2 Rf3 {[%emt 0:00:39] Weighted Error Value: White=0.77/Black=0.23 (precise)} 0-1

[Event "Israeli Championship 2022"]
[Site "Yosiah Arad"]
[Date "2022.12.07"]
[Round "3.10"]
[White "Streltsov, Alexey"]
[Black "Rozen, Eytan"]
[Result "1/2-1/2"]
[ECO "B13"]
[WhiteElo "2313"]
[BlackElo "2459"]
[Annotator "TA"]
[PlyCount "166"]
[EventDate "2022.12.05"]
[EventType "swiss"]
[EventCountry "ISR"]
[SourceTitle "playchess.com"]
[Source "ChessBase"]
[SourceQuality "1"]
[TimeControl "40/5400+30:1800+30"]

1. e4 c6 2. d4 d5 3. exd5 cxd5 4. Bd3 Nf6 5. h3 g6 (5... Nc6 $5 ) 6. Nf3 {[%emt 0:00:11] B13: Caro-Kann: Exchange Variation and Panov-Botvinnik Attack.} Bg7 7. O-O O-O 8. Re1 {[%emt 0:01:19] White has an edge.} Bf5 9. Bf1 Nc6 10. c3 a6 11. Bf4 Ne4 12. Nbd2 b5 {[%emt 0:01:34] [#]} 13. a3 $146 ({Predecessor:} 13. g4 Nxd2 14. Qxd2 Bd7 15. Bg2 Rc8 16. b4 Re8 17. Re2 a5 18. a3 Ra8 19. Ree1 {1-0 (92) Galchenko,M (2395)-Lie,K (2531) Norway 2019}) 13... Qb6 14. Nxe4 Bxe4 15. Nd2 Bf5 16. Qf3 Rad8 17. Nb3 ({Better is} 17. b4 $16) 17... Bc2 $14 18. Nd2 f6 (18... Bf5 $1 $11) 19. Rac1 (19. Rec1 $5 Bf5 20. Be3 $11) 19... Bf5 20. Nb3 (20. g4 Bc8 $11) 20... e5 21. Be3 e4 22. Qg3 Bc8 23. Nc5 (23. f3 $5 ) 23... Ne7 $1 24. Bf4 Nf5 25. Bc7 Qc6 26. Qh2 Rde8 27. Ba5 Rf7 28. Qb8 Bh6 29. Ra1 Rfe7 30. Be2 (30. Qb6 $142 Qxb6 31. Bxb6) 30... Bd2 $17 31. Rf1 (31. Bb4 {keeps fighting.}) 31... Nxd4 $19 32. cxd4 Bxa5 33. Qg3 Bc7 34. Qc3 Qd6 35. Qg3 {[%emt 0:02:08] Inhibits Qh2+.} Qc6 (35... Qd8 $19 36. Qh4 g5) 36. Qh4 (36. Qc3 $1 $11 {and White is okay.}) 36... f5 (36... Qd6 $2 37. Qg3 $19) 37. a4 Qd6 38. g3 b4 39. f4 $2 (39. Rac1) 39... exf3 40. Bxf3 g5 (40... Qxg3+ $2 41. Qxg3 Bxg3 42. Bxd5+ Kg7 43. Kg2 $19) 41. Qxg5+ Rg7 42. Qh4 Rxg3+ (42... Qxg3+ $2 43. Qxg3 Bxg3 44. Kh1 $19 (44. Bxd5+ $2 Kh8 $19)) 43. Kf2 {[%emt 0:00:07] [#]} Re4 $1 44. Bxe4 dxe4 45. Rad1 Rg2+ {[%emt 0:00:00][%mdl 64] Skewer} 46. Ke3 Qh2 $2 (46... Rxb2 $2 47. Rf2 Rxf2 48. Qxf2 $19) (46... Qd5 47. Rf4 h6) 47. Rf2 Qg3+ $2 (47... f4+ 48. Kxe4 Rxf2 49. Qg5+ Kh8 50. Qf6+ Kg8 51. Qg5+ Kh8 52. Qf6+ Kg8 53. Qg5+ $11) (47... Rxf2 $1 $19 48. Qg5+ Kf8 49. Qh6+ Ke7 50. Qh4+ Kd6 51. Qxf2 Qxh3+ 52. Kd2 Ke7) 48. Qxg3+ $11 Rxg3+ 49. Ke2 f4 {[%emt 0:00:00] Against a5} (49... Rxh3 50. Rg1+ Kf8 51. Nxe4 $16) 50. Rc1 ({White should try} 50. Nxe4 $11 Re3+ 51. Kd2 Rxe4 52. Rc1 Rxd4+ 53. Ke1) 50... e3 $15 51. Ne4 exf2 (51... Rxh3 $2 52. Nf6+ (52. Rxc7 Bg4+ 53. Kf1 e2+ 54. Rxe2 Bxe2+ 55. Kxe2 Re3+ 56. Kf2 Rxe4 $11) (52. Rg2+ Kf8 $18) 52... Kf8 53. Rxc7 $18) 52. Rxc7 {[%emt 0:00:00][%mdl 4096] Endgame KRB-KRN} Bf5 53. Nf6+ (53. Nxg3 $2 fxg3 54. Rc1 Bd3+ $1 55. Kf3 (55. Kxd3 $2 g2 $19) 55... f1=Q+ $19) 53... Kh8 (53... Kf8 $1 $15 54. Nxh7+ Bxh7 55. Rxh7 Rb3 56. Kxf2 Rxb2+ 57. Kf3 Rb1 58. Rh8+ (58. Kxf4 $2 b3 $19) 58... Ke7 59. Rh7+ Kd6 60. Rh6+ Kd5) 54. Kxf2 $11 Rxh3 55. d5 {[%emt 0:00:00] And now d6 would win.} Rd3 {[%emt 0:01:58] Against d6} 56. Ra7 Bg6 $1 {[%emt 0:01:21] Prevents d6.} 57. Ke2 f3+ 58. Kf2 h5 59. Rxa6 Kg7 {[%emt 0:00:18] Prevents d6.} 60. Rb6 h4 {[%emt 0:02:51] Hoping for ...h3.} 61. Ng4 $1 Rd4 62. Rb7+ (62. Kxf3 $2 {is the wrong capture.} Bh5 63. Rb7+ Kg6 $19) 62... Kf8 63. Ne5 (63. a5 {feels hotter.} Rxg4 64. a6 Rg2+ 65. Kxf3 Rxb2 66. Rb8+) 63... Rd2+ 64. Kxf3 Bh5+ {[%emt 0:00:33] [#]} (64... Be8 $11 {keeps the balance.}) 65. Kf4 {[%emt 0:00:32] White is more active.} (65. Ke3 $1 $16 Re2+ 66. Kd4 Rxb2 67. d6 Rd2+ 68. Kc5 Rc2+ 69. Kb6 (69. Kxb4 $2 {too greedy.} Rb2+ 70. Kc5 Rxb7 $19)) 65... Be8 {[%emt 0:02:48] The position is equal.} 66. Rxb4 h3 {[%emt 0:00:51][%cal Oh3h2] Threatens to win with ...h2!} 67. Kg3 (67. Kf5 {seems wilder.} h2 68. Rh4 Bxa4 69. Nf3) 67... Rxd5 68. Ng4 Rd3+ 69. Kh2 Bd7 70. a5 {[%emt 0:01:09] Strongly threatening a6.} Bxg4 71. Rxg4 {[%emt 0:00:29] aiming for Rb4. KR-KR} Rd2+ 72. Kxh3 Rxb2 73. a6 Ra2 74. Rg6 Kf7 75. Rh6 Kg7 76. Rb6 Kf7 77. Kg4 Ke7 78. Kf5 Kd7 79. Rh6 Kc7 80. Ke5 Kb8 81. Kd5 Ka7 82. Kc5 Rxa6 83. Rxa6+ Kxa6 {[%emt 0:00:05] Black had all chances to win.   Weighted Error Value: White=0.32/Black=0.47} 1/2-1/2